 Dungeon Crawl Stone Soup version 0.22.1-1-ga44c0e56f4 (webtiles) character file.

620 KleinerIrrer the Grappler (level 7, -3/62 HPs)
             Began as a Naga Fighter on Oct 28, 2018.
             Slain by a troll (11 damage)
             ... on level 4 of the Dungeon.
             The game lasted 00:12:13 (4892 turns).

KleinerIrrer the Grappler (Naga Fighter)            Turns: 4892, Time: 00:12:14

Health: -3/62      AC:  5    Str: 21    XL:     7   Next: 46%
Magic:  7/7        EV:  5    Int:  8    God:
Gold:   43         SH:  8    Dex: 10    Spells: 6/6 levels left

rFire    . . .     SeeInvis +     - Unarmed
rCold    . . .     Gourm    .   b - +0 shield
rNeg     . . .     Faith    .   a - +0 scale mail
rPois    +         Spirit   .   (no helmet)
rElec    .         Reflect  .   (no cloak)
rCorr    .         Harm     .   (no gloves)
MR       .....                  (no barding)
Stlth    ..........             (no amulet)
HPRegen  0.20/turn              (no ring)
MPRegen  0.10/turn              (no ring)

@: short of breath, flying, very slow
A: large, stinger 1, see invisible, deformed body, dopey 1, mutation resistance
1, poison resistance, slowness 2, slow metabolism 1, spit poison 1, strong 1, AC
+2
a: Spit Poison


You were on level 4 of the Dungeon.
You were hungry.

You visited 1 branch of the dungeon, and saw 4 of its levels.

You collected 179 gold pieces.
You spent 136 gold pieces at shops.

Inventory:

Missiles
 h - 16 poisoned needles
Armour
 a - a +0 scale mail (worn)
 b - a +0 shield (worn)
Jewellery
 t - an uncursed ring of magical power {unknown}
Scrolls
 e - 3 scrolls of teleportation {unknown}
 f - 2 scrolls of immolation {unknown}
 g - a scroll of enchant armour {unknown}
 i - 3 scrolls of identify
 j - 2 scrolls of fog
 k - a scroll of fear
 o - a scroll of remove curse {unknown}
 q - 2 scrolls of magic mapping {unknown}
 u - a scroll of amnesia
Potions
 c - a potion of cancellation
 l - a potion of magic
 m - a potion of brilliance
Comestibles
 d - 7 rations
 v - 6 chunks of flesh


   Skills:
 - Level 3.0 Fighting
 - Level 2.4 Armour
 - Level 2.4 Shields
 + Level 8.1 Unarmed Combat


You had 6 spell levels left.
You didn't know any spells.
Your spell library was empty.

Dungeon Overview and Level Annotations

Branches:
Dungeon (4/15)
 Temple: D:4-7

Altars:
Dithmenos
Elyvilon
Gozag
Ru
Wu Jian
Xom

Shops:
D:4 (%*}

Annotations:
D:4 Robin


Innate Abilities, Weirdness & Mutations

You cannot wear boots.
Your serpentine skin is tough. (AC +2)
You have supernaturally acute eyesight. (SInv)
Armour fits poorly on your strangely shaped body.
Your system is resistant to poisons. (rPois)
You cover ground very slowly.
You have a slow metabolism.
You can spit poison.
Your tail ends in a poisonous barb.
You are dopey. (Int -2)
You are somewhat resistant to further mutation.
Your muscles are strong. (Str +2)


Message History

You feel better.
You feel less invigorated.
Press: ? - help, Shift-Dir - straight line, f - troll
Aim: a troll The splash of poison misses the troll.
You feel slightly more hungry.
The hobgoblin shouts!
You block the troll's attack. The troll claws you! x2
You closely miss the troll. The troll bites you. The troll barely misses you.
The troll claws you!
You punch the troll!
The troll is lightly wounded.
The troll bites you! The troll claws you! You block the troll's attack.
You hit the troll.
Your tail-slap misses the troll.
The troll is moderately wounded.
You block the troll's attack. The troll claws you!
* * * LOW HITPOINT WARNING * * *
You block the troll's attack.
You hit the troll but do no damage.
The troll is moderately wounded.
You block the troll's attack. x2; The troll claws you!
You die...

#......###..###...##....
#......#................
#......#................
#......'................
#......#................
#......#.......(........
###......##...##..####.###
#.........#...##..####.##.
#........@#...............
#.........T...............
#.........#........)......
#.........#.g...####...###
##'#########'#######'####.
#.......# ..............'.
#.......# ..............#)
#.......# ...........#.
#.......# ...........#.


You could see a troll and a hobgoblin.

Vanquished Creatures
  A phantom (D:4)
  A sky beast (D:3)
  A centaur (D:3)
  2 hounds (D:4)
  A bullfrog skeleton (D:4)
  2 orc priests
  An orc wizard (D:4)
  A worker ant (D:3)
  4 gnolls
  3 adders
  An ooze (D:3)
  4 worms
  A dart slug (D:1)
  14 orcs
  2 giant cockroaches
  13 goblins
  6 hobgoblins
  4 jackals (D:1)
  A ball python (D:3)
  6 bats
  3 frilled lizards
  10 kobolds
  4 rats
86 creatures vanquished.

Notes
Turn   | Place    | Note
-------+----------+-------------------------------------------
     0 | D:1      | KleinerIrrer the Naga Fighter began the quest for the Orb.
     0 | D:1      | Reached XP level 1. HP: 21/21 MP: 1/1
    80 | D:1      | Reached XP level 2. HP: 21/28 MP: 2/2
   109 | D:1      | Reached skill level 3 in Unarmed Combat
   428 | D:1      | Reached XP level 3. HP: 34/34 MP: 3/3
  1910 | D:3      | Reached skill level 4 in Unarmed Combat
  1988 | D:2      | Reached XP level 4. HP: 15/42 MP: 4/4
  2243 | D:3      | Reached skill level 5 in Unarmed Combat
  2243 | D:3      | Reached XP level 5. HP: 22/49 MP: 5/5
  2485 | D:3      | Found a shimmering altar of Xom.
  2543 | D:3      | HP: 1/49 [orc/mace (8)]
  2557 | D:3      | Found a shadowy altar of Dithmenos.
  2850 | D:3      | Found an ornate altar of the Wu Jian Council.
  2881 | D:3      | Found a sacrificial altar of Ru.
  3184 | D:3      | Noticed a sky beast
  3192 | D:3      | Killed a sky beast
  3192 | D:3      | Reached skill level 6 in Unarmed Combat
  3192 | D:3      | Reached XP level 6. HP: 56/56 MP: 6/6
  3619 | D:3      | Found a white marble altar of Elyvilon.
  3715 | D:4      | Found Ecedudd's Weapon Shop.
  3715 | D:4      | Found Fejuedar's Food Shop.
  3715 | D:4      | Noticed a phantom
  3726 | D:3      | Reached skill level 7 in Unarmed Combat
  3825 | D:4      | Noticed Robin
  3978 | D:4      | Found Noib's Gadget Shop.
  3982 | D:4      | Found Momoh's General Store.
  4010 | D:4      | Bought a potion of heal wounds for 65 gold pieces
  4010 | D:4      | Bought a scroll of fog for 26 gold pieces
  4010 | D:4      | Bought a scroll of amnesia for 45 gold pieces
  4225 | D:4      | Killed a phantom
  4225 | D:4      | Reached XP level 7. HP: 49/62 MP: 7/7
  4386 | D:4      | Reached skill level 8 in Unarmed Combat
  4611 | D:4      | Found an opulent altar of Gozag.
  4882 | D:4      | Noticed a troll
  4885 | D:4      | Gained mutation: You are dopey. (Int -2) [potion of
                  | mutation]
  4885 | D:4      | Gained mutation: Your muscles are strong. (Str +2) [potion
                  | of mutation]
  4885 | D:4      | Gained mutation: You are somewhat resistant to further
                  | mutation. [potion of mutation]
  4885 | D:4      | Gained mutation: Your tail ends in a poisonous barb.
                  | [potion of mutation]
  4892 | D:4      | Slain by a troll

Skill      XL: |  1  2  3  4  5  6  7 |
---------------+----------------------+-----
Unarmed Combat | 3 4 5 6 7 8 |  8.1
Fighting       | |  3.0
Armour         | |  2.4
Shields        | |  2.4

Action                   |  1- 3 |  4- 6 |  7- 9 || total
-------------------------+-------+-------+-------++-------
Melee: Unarmed           |   120 |   133 |    69 ||   322
 Abil: Spit Poison       |    31 |    26 |     6 ||    63
  Use: Potion            |       |     3 |     5 ||     8
       Scroll            |       |     3 |     1 ||     4
  Eat: Chunk             |     1 |     4 |     1 ||     6
       Ration            |     1 |     1 |       ||     2
Armor: Scale mail        |    38 |    48 |    19 ||   105
Dodge: Dodged            |    23 |    22 |    12 ||    57
Block: Shield            |    45 |    59 |    37 ||   141
